 Dungeon Crawl Stone Soup version 0.27-a0-732-ga892ba84f6 (webtiles) character file.

Game seed: 8415071440450612838

262 night the Skirmisher (level 6, -4/48 HPs)
             Began as a Djinni Fire Elementalist on Mar 23, 2021.
             Splashed by a jelly's acid (8 damage)
             ... on level 5 of the Dungeon.
             The game lasted 00:09:19 (4273 turns).

night the Skirmisher (Djinni Fire Elementalist)     Turns: 4273, Time: 00:09:19

Health: -4/48      AC:  2    Str:  7    XL:     6   Next: 18%
Magic:  0/0        EV: 12    Int: 19    God:
Gold:   326        SH:  0    Dex: 13    Spells: 0/12 levels left

rFire    + + .     SeeInvis .   s - +3 falchion (elec)
rCold    x . .     Faith    .   (no shield)
rNeg     . . .     Spirit   .   a - +0 robe
rPois    ∞         Reflect  .   (no helmet)
rElec    .         Harm     .   (no cloak)
rCorr    .         Rampage  .   (no gloves)
Will     +....                  (boots unavailable)
Stlth    ++........             k - amulet of the acrobat
HPRegen  0.16/turn              i - ring of willpower
MPRegen  0.00/turn              (no ring)

@: flying, very slightly contaminated
A: fire resistance 2, cold vulnerability 1, float, innate caster, hp casting,
extra vitality 1
a: no special abilities


You were on level 5 of the Dungeon.
You visited 1 branch of the dungeon, and saw 5 of its levels.

You collected 326 gold pieces.

Inventory:

Hand Weapons
 d - a +0 long sword
 e - a +2 dagger of protection
 s - a +3 falchion of electrocution (weapon)
Armour
 a - a +0 robe (worn)
Magical Staves
 q - a staff of poison
Jewellery
 i - a ring of willpower (right hand)
 k - an amulet of the acrobat (around neck)
Wands
 o - a wand of iceblast (8)
Scrolls
 b - 2 scrolls of magic mapping {unknown}
 c - 4 scrolls of identify {unknown}
 f - a scroll of silence
 j - a scroll of amnesia {unknown}
 m - 2 scrolls of fear {unknown}
Potions
 g - a potion of curing {unknown}
 h - 2 potions of lignification {unknown}
 n - a potion of attraction {unknown}
 p - a potion of heal wounds {unknown}
 r - a potion of degeneration {unknown}
Miscellaneous
 l - a phantom mirror


   Skills:
 * Level 4.5 Fighting
 + Level 1.0 Armour
 - Level 2.2 Dodging
 - Level 1.6 Stealth
 + Level 3.8 Spellcasting


You couldn't memorise any spells.
You knew the following spells:

 Your Spells              Type           Power      Damage    Failure   Level
a - Foxfire               Conj/Fire      72%        2x1d7     3%          1
b - Conjure Flame         Conj/Fire      18%        6-21      9%          3
c - Inner Flame           Hex/Fire       18%        N/A       9%          3
d - Sticky Flame          Conj/Fire      18%        2d4       28%         4
e - Fireball              Conj/Fire      9%         3d6       63%         5
f - Apportation           Tloc           36%        N/A       3%          1
g - Swiftness             Air            18%        N/A       4%          2
Your spell library was empty.

Dungeon Overview and Level Annotations

Branches:
Dungeon (5/15)
 Temple: D:4-7

Altars:
Uskayaw


Innate Abilities, Weirdness & Mutations

You are immune to poison.
Your flesh is very heat resistant. (rF++)
You are vulnerable to cold. (rC-)
You float through the air rather than walking.
You learn spells naturally, not from books.
Your magical power is your life essence.
You have superior vitality. (+4 HP)


Message History

You conjure some foxfire!
The foxfire hits the centaur.
The centaur is moderately wounded.
The foxfire hits the centaur.
The centaur is moderately wounded.
The centaur shoots an arrow.
The arrow hits you!
Unknown command.
Casting: Foxfire (safe; 3% risk of failure)
Confirm with . or Enter, or press ? or * to list all spells.
You conjure some foxfire!
The foxfire hits the centaur.
The centaur is heavily wounded.
The foxfire hits the centaur.
The centaur is severely wounded.
The centaur shoots an arrow.
The arrow hits you!
The foxfire hits the jelly.
The jelly is moderately wounded.
Unknown command.
Casting: Foxfire (safe; 3% risk of failure)
Confirm with . or Enter, or press ? or * to list all spells.
The spell is potentially lethal to cast (63% risk of failure)!
Continue anyway?
Aiming: Fireball (potentially lethal; 63% risk of failure)
Press: ? - help, Shift-Dir - straight line, f - centaur
Aim: a centaur, wielding a +0 shortbow and quivering arrows (severely wounded, ally target)
You miscast Fireball.
You are very lightly contaminated with residual magic.
Nothing appears to happen.
The foxfire hits the centaur.
The centaur is severely wounded.
The centaur unwields a +0 shortbow.
The centaur misses you. The centaur kicks you.
* * * LOW HITPOINT WARNING * * *
You hit the centaur.
The centaur is almost dead.
The centaur hits you.
* * * LOW HITPOINT WARNING * * *
The centaur misses you. The centaur hits you.
* * * LOW HITPOINT WARNING * * *
The centaur kicks you.
* * * LOW HITPOINT WARNING * * *
The jelly hits you.
* * * LOW HITPOINT WARNING * * *
You are splashed with acid!
You die...

..........#
..........#
[(........#
........# .......
.......###.....#
#.......#.....######
#.Jc....#....<.#....
#..@....#......#....
#.......#......#....
#.......#......#....
#.......##'###.####.
######'##...##'####.
#.........'......
#.........#.....<
#.........#......
#################


You could see a centaur and a jelly.

Vanquished Creatures
  A bullfrog zombie (D:4)
  An orc priest (D:3)
  An orc wizard (D:3)
  A worker ant (D:4)
  4 gnolls
  3 adders (D:4)
  An adder zombie (D:3)
  A worm (D:4)
  2 dart slugs
  2 orcs (D:3)
  6 ball pythons
  3 bats
  4 giant cockroaches
  6 goblins
  8 hobgoblins
  2 jackals (D:2)
  4 kobolds
  6 oozes
  10 quokkas
  3 frilled lizards
  4 rats
73 creatures vanquished.

Vanquished Creatures (others)
  231 foxfires
231 creatures vanquished.

Grand Total: 304 creatures vanquished

Notes
Turn   | Place    | Note
-------+----------+-------------------------------------------
     0 | D:1      | night the Djinni Fire Elementalist began the quest for the
                  | Orb.
     0 | D:1      | Reached XP level 1. HP: 15/15 MP: 0/0
   271 | D:1      | Reached XP level 2. HP: 16/22 MP: 0/0
   361 | D:1      | Reached skill level 1 in Fighting
   614 | D:1      | Reached skill level 2 in Fighting
   614 | D:1      | Reached XP level 3. HP: 7/28 MP: 0/0
   614 | D:1      | Learned a level 1 spell: Apportation
  2067 | D:3      | Reached XP level 4. HP: 33/34 MP: 0/0
  2165 | D:3      | Found a hide-covered altar of Uskayaw.
  2183 | D:3      | Reached skill level 3 in Fighting
  2191 | D:3      | Reached XP level 5. HP: 23/40 MP: 0/0
  2191 | D:3      | Learned a level 2 spell: Swiftness
  3283 | D:4      | Reached skill level 4 in Fighting
  3700 | D:4      | Reached XP level 6. HP: 45/48 MP: 0/0
  3927 | D:4      | Reached skill level 1 in Armour
  4231 | D:5      | Entered Level 5 of the Dungeon
  4273 | D:5      | HP: 6/48 [centaur (4)]
  4273 | D:5      | Splashed by a jelly's acid

Illustrated notes

Levels and vault maps discovered:
D:1:      mainiacjoe_arrival_reflecting_pool, layout_basic,
          minmay_misc_feat_rows, st_stairs_5
D:2:      layout_rooms, minmay_splitting_lines
D:3:      layout_basic, overflow_temple_1_default, minmay_checkerbox
D:4:      layout_basic
D:5:      lemuel_insect_pit, layout_gridville, minmay_temple_entry_water_ring,
          gup_sewer_entry_bowl, nicolae_ossuary_entry_monument

Skill      XL: |  1  2  3  4  5  6 |
---------------+-------------------+-----
Fighting       | 2 3 4 |  4.5
Spellcasting   | 3 |  3.8
Armour         | 1 |  1.0
Dodging        | |  2.2
Stealth        | |  1.6

Action                   |  1- 3 |  4- 6 || total
-------------------------+-------+-------++-------
Melee: Long sword        |     2 |       ||     2
       Dagger            |       |    35 ||    35
       Falchion          |       |     1 ||     1
 Cast: Foxfire           |    61 |    71 ||   132
       Sticky Flame      |       |     2 ||     2
       Conjure Flame     |       |     2 ||     2
  Use: Scroll            |       |     1 ||     1
 Stab: Sleeping          |       |     1 ||     1
Armor: Robe              |       |    14 ||    14
Dodge: Dodged            |    12 |    45 ||    57
       Rpst.: Long sword |     1 |       ||     1

Table legend: (Time is in decaauts)
 A = Elapsed time spent in this place.
 B = Non-inter-level travel time spent in this place.
 C = Inter-level travel time spent in this place.
 D = Time resting spent in this place.
 E = Time spent auto-exploring this place.
 F = Levels seen in this place.
 G = Mean time per level.
                   A        B        C        D        E       F      G
               +--------+--------+--------+--------+--------+-----+--------+
         Total |   4270 |   4174 |     96 |    962 |   2682 |   5 |  854.0 |
       Dungeon |   4270 |   4174 |     96 |    962 |   2682 |   5 |  854.0 |
               +--------+--------+--------+--------+--------+-----+--------+

Top non-repeatable levels by time:
     D:1: 1606 daAuts
     D:3: 1121 daAuts
     D:4: 1067 daAuts
     D:2: 433 daAuts
     D:5: 41 daAuts
